 Dungeon Crawl Stone Soup version 0.20.0-15-g7f486f2 (webtiles) character file.

200 Peloso the Covered (level 5, -2/47 HPs)
             Began as a Minotaur Fighter on July 2, 2017.
             Killed by nerve-wracking pain
             ... invoked by an orc priest
              (7 damage)
             ... on level 3 of the Dungeon.
             The game lasted 00:03:27 (1689 turns).

Peloso the Covered (Minotaur Fighter)               Turns: 1689, Time: 00:03:29

Health: -2/47      AC:  9    Str: 21    XL:     5   Next: 48%
Magic:  4/4        EV:  6    Int:  2    God:
Gold:   168        SH:  9    Dex: 10    Spells: 4/4 levels left

rFire    . . .     SeeInvis .   a - +0 long sword
rCold    . . .     Gourm    .   c - +0 shield
rNeg     . . .     Faith    +   t - +0 chain mail
rPois    .         Spirit   .   (helmet restricted)
rElec    .         Reflect  .   (no cloak)
rCorr    .         Harm     .   (no gloves)
MR       .....                  (no boots)
Stlth    ..........             u - amulet of faith
Regen    0.2/turn               q - -3 ring of intelligence (curse)
MPRegen  0.1/turn               (no ring)

@: lethally poisoned (-2 -> -19)
A: retaliatory headbutt, horns 2
a: no special abilities


You were on level 3 of the Dungeon.
You were not hungry.

You visited 1 branch of the dungeon, and saw 3 of its levels.

You collected 168 gold pieces.

Inventory:

Hand Weapons
 a - a +0 long sword (weapon)
Armour
 c - a +0 shield (worn)
 t - a +0 chain mail (worn)
Jewellery
 q - a cursed -3 ring of intelligence (left hand)
 u - an amulet of faith (around neck)
Scrolls
 h - 2 scrolls of immolation {unknown}
 i - a scroll of identify {unknown}
 j - a scroll of fear {unknown}
 m - a scroll of enchant weapon {unknown}
 n - 3 scrolls of teleportation {unknown}
 r - a scroll of magic mapping {unknown}
Potions
 b - a potion of curing {unknown}
 d - a potion of might
 e - a potion of degeneration {unknown}
 k - a potion of brilliance {unknown}
 l - a potion of heal wounds {unknown}
 o - a potion of cancellation {unknown}
 p - a potion of flight {unknown}
 s - a potion of berserk rage {unknown}
Comestibles
 f - 3 bread rations
 g - a meat ration


   Skills:
 + Level 4.5 Fighting
 + Level 4.4 Long Blades
 + Level 4.7 Armour
 + Level 1.2 Dodging
 + Level 0.1 Stealth
 + Level 4.6 Shields


You had 4 spell levels left.
You didn't know any spells.

Dungeon Overview and Level Annotations

Branches:
Dungeon (3/15)

Altars:


Innate Abilities, Weirdness & Mutations

You reflexively headbutt those who attack you in melee.
You have a pair of horns on your head.


Message History

You closely miss the orc priest.
You headbutt the orc priest, but do no damage.
The orc priest is lightly wounded.
You feel sick. You block the orc priest's attack.
The orc priest barely misses you.
You riposte.
You hit the orc priest but do no damage.
The orc priest is lightly wounded.
You slash the orc priest!
The orc priest is severely wounded.
You feel sick.
The orc priest hits you with a short sword of venom.
* * * LOW HITPOINT WARNING * * *
You are more poisoned.
Your chain mail prevents you from hitting the orc priest.
The orc priest is severely wounded.
* * * LOW HITPOINT WARNING * * *
You feel sick.
The orc priest mumbles some strange prayers to Beogh against you.
Pain shoots through your body!
You die...

######## #
#....[.# #
#......# #
#..!..(# #
#......# #########
#......# ##......#
#......# ##......#
#o# ##......# #@#
##......########.#
#......'........#
#......##########
#......#
####'#######
#...........
'...........
#)..........


You could see an orc priest.

Vanquished Creatures
  2 orc wizards (D:3)
  4 adders
  An ooze (D:2)
  3 worms
  A dart slug (D:3)
  A leopard gecko (D:2)
  8 orcs (D:3)
  2 giant cockroaches
  11 goblins
  7 hobgoblins
  7 kobolds
  A ball python (D:2)
  4 bats
  A frilled lizard (D:1)
  4 rats
57 creatures vanquished.

Vanquished Creatures (others)
  An orc wizard (D:3)
1 creature vanquished.

Grand Total: 58 creatures vanquished

Notes
Turn   | Place    | Note
-------+----------+-------------------------------------------
     0 | D:1      | Peloso the Minotaur Fighter began the quest for the Orb.
     0 | D:1      | Reached XP level 1. HP: 19/19 MP: 0/0
   243 | D:1      | Reached XP level 2. HP: 25/27 MP: 1/1
   684 | D:2      | Reached XP level 3. HP: 19/33 MP: 2/2
  1099 | D:2      | Reached XP level 4. HP: 40/40 MP: 3/3
  1467 | D:3      | Reached XP level 5. HP: 14/47 MP: 4/4
  1677 | D:3      | Reached skill level 1 in Dodging
  1689 | D:3      | Killed from afar by an orc priest

Skill      XL: |  1  2  3  4  5 |
---------------+----------------+-----
Armour         | 4 |  4.7
Shields        | 4 |  4.6
Fighting       | 4 |  4.5
Long Blades    | 3 4 |  4.4
Dodging        | 1 |  1.2
Stealth        | |  0.1

Action                   |  1- 3 |  4- 6 || total
-------------------------+-------+-------++-------
Melee: Long sword        |    92 |    73 ||   165
       Headbutt          |    11 |    14 ||    25
  Eat: Chunk             |     1 |     2 ||     3
Armor: Scale mail        |    45 |     6 ||    51
       Chain mail        |       |    17 ||    17
Dodge: Dodged            |    30 |    16 ||    46
Block: Shield            |    54 |    31 ||    85
       Rpst.: Long sword |     9 |     5 ||    14
